 Dungeon Crawl Stone Soup version 0.29.1-1-gd02db6906a (webtiles) character file.

Game seed: 3214033255070689796

157 Zeld the Chopper (level 5, 0/48 HPs)
             Began as a Minotaur Berserker on Oct 7, 2022.
             Was a Believer of Trog.
             Succumbed to a scorpion's poison
             ... on level 4 of the Dungeon.
             The game lasted 00:02:48 (2772 turns).

Zeld the Chopper (Minotaur Berserker)               Turns: 2772, Time: 00:02:48

Health: 0/48       AC:  2    Str: 24    XL:     5   Next: 15%
Magic:  0/4        EV: 12    Int:  4    God:    Trog [**....]
Gold:   13         SH:  0    Dex:  9    Spells: 4/4 levels left

rFire   . . .      SeeInvis .   a - +0 hand axe
rCold   . . .      Faith    .   (no shield)
rNeg    . . .      Spirit   +   b - +0 animal skin
rPois   .          Reflect  .   (helmet restricted)
rElec   .          Harm     .   e - scarf {repulsion}
rCorr   .          Rampage  .   (no gloves)
Will    +++..                   (no boots)
Stlth   +.........              n - amulet of guardian spirit
HPRegen 1.16/turn               t - ring of willpower
MPRegen 0.09/turn               (no ring)

@: lethally poisoned (0 -> -12), strong-willed, regenerating, repel missiles
A: horns 2, retaliatory headbutt
a: Renounce Religion, Berserk, Trog's Hand


You were on level 4 of the Dungeon.
You worshipped Trog.
Trog was pleased with you.
You visited 1 branch of the dungeon, and saw 4 of its levels.

You collected 182 gold pieces.
You spent 169 gold pieces at shops.

Inventory:

Hand Weapons
 a - a +0 hand axe (weapon)
Missiles
 f - 10 javelins (quivered)
 h - 6 poisoned darts
 r - 3 boomerangs
Armour
 b - a +0 animal skin (worn)
 e - a scarf of repulsion (worn)
Jewellery
 n - an amulet of guardian spirit (around neck)
 t - a ring of willpower (left hand)
Wands
 v - a wand of polymorph (5)
Scrolls
 c - 5 scrolls of immolation {unknown}
 d - a scroll of butterflies {unknown}
 g - a scroll of vulnerability {unknown}
 j - 6 scrolls of teleportation {unknown}
 k - 2 scrolls of identify {unknown}
 l - a scroll of brand weapon {unknown}
 p - a scroll of amnesia {unknown}
 u - a scroll of fear {unknown}
 w - 2 scrolls of silence {unknown}
 x - a scroll of magic mapping {unknown}
Potions
 i - a potion of haste {unknown}
 m - a potion of lignification {unknown}
 o - 2 potions of flight {unknown}
 q - a potion of attraction {unknown}
 s - 2 potions of heal wounds {unknown}


   Skills:
 + Level 5.0 Fighting
 * Level 6.2 Axes
 - Level 2.4 Armour
 - Level 2.1 Dodging


You had 4 spell levels left.
You didn't know any spells.
Your spell library was empty.

Dungeon Overview and Level Annotations

Branches:
Dungeon (4/15)
 Temple: D:4-7

Altars:

Shops:
D:1 *([   D:3 ((:=   D:4 ?(

Annotations:
D:4 1 runed translucent door, turdburglar's ghost, amateur MiFi


Innate Abilities, Weirdness & Mutations

You have a pair of horns on your head.
You reflexively headbutt those who attack you in melee.


Message History

You closely miss the kobold.
You feel very sick. The scorpion stings you.
The kobold hits you with a +0 whip.
You hit the scorpion.
The scorpion is moderately wounded.
You closely miss the kobold.
You feel sick. The scorpion closely misses you.
The kobold hits you with a +0 whip.
There are monsters nearby!
You hit the scorpion. You headbutt the scorpion.
The scorpion is heavily wounded.
You hit the kobold.
You feel sick. The scorpion stings you.
You are more poisoned.
The scorpion poisons you! The kobold hits you with a +0 whip.
You hit the scorpion. You headbutt the scorpion.
The scorpion is severely wounded.
You hit the kobold.
You kill the kobold!
Trog accepts your kill.
You feel very sick. The scorpion barely misses you. You furiously retaliate!
You headbutt the scorpion.
You are too injured to fight recklessly!
You barely miss the scorpion.
The scorpion is almost dead.
You feel very sick. The scorpion barely misses you.
You barely miss the scorpion.
The scorpion is almost dead.
You feel very sick. The scorpion stings you.
* * * LOW HITPOINT WARNING * * *
The scorpion stings you.
* * * LOW HITPOINT WARNING * * *
You are more poisoned.
The scorpion poisons you!
Unknown command.
Okay, then.
Your skin crawls.
You feel strong-willed.
You die...

###### #....# #....#
#....# #.)s.#
#..@#######
#...##....##
#..........#
#......∩>..#
#.........##########
#.........##.......#
#..................'
#..................#
#...##....##.......#


You could see a scorpion.

Vanquished Creatures
  A scorpion (D:3)
  A jelly (D:4)
  An adder (D:4)
  A worm (D:4)
  2 dart slugs
  An endoplasm (D:3)
  4 giant cockroaches
  6 goblins
  9 hobgoblins
  A quokka (D:1)
  3 ball pythons
  4 bats
  3 frilled lizards (D:3)
  7 kobolds
  7 rats
51 creatures vanquished.

Vanquished Creatures (others)
  2 plants (D:1)
2 creatures vanquished.

Grand Total: 53 creatures vanquished

Notes
Turn   | Place    | Note
-------+----------+-------------------------------------------
     0 | D:1      | Zeld the Minotaur Berserker began the quest for the Orb.
     0 | D:1      | Reached XP level 1. HP: 19/19 MP: 0/0
   336 | D:1      | Found Hawkimu's Armour Boutique.
   461 | D:1      | Reached skill level 4 in Axes
   485 | D:1      | Found Qydarill's Weapon Shoppe.
   508 | D:1      | Reached XP level 2. HP: 27/27 MP: 1/1
   542 | D:1      | Found Oteynum's Assorted Antiques.
   566 | D:1      | Bought a scroll labelled EKHOUNG OLEF for 27 gold pieces
   697 | D:1      | Found a faded altar of an unknown god.
   974 | D:1      | Bought a scroll labelled MUABBA UCRYFOA for 27 gold pieces
  1665 | D:3      | Reached XP level 3. HP: 33/33 MP: 2/2
  1736 | D:3      | Found Miofius's Jewellery Shoppe.
  1805 | D:3      | Found Jawogruz's Book Shoppe.
  1979 | D:3      | Noticed a scorpion
  1983 | D:3      | Killed a scorpion
  1983 | D:3      | Reached ** piety under Trog
  1984 | D:3      | Reached skill level 5 in Axes
  1984 | D:3      | Reached XP level 4. HP: 41/41 MP: 3/3
  2000 | D:3      | Found Kaimp's Weapon Shoppe.
  2010 | D:3      | Bought 3 boomerangs for 18 gold pieces
  2017 | D:3      | Found Leazame's Weapon Boutique.
  2036 | D:3      | Bought 3 poisoned darts for 16 gold pieces
  2414 | D:1      | Bought a scroll labelled SOGRUO PIOCUM for 27 gold pieces
  2414 | D:1      | Bought 2 scrolls labelled RANUOL DAITZ for 54 gold pieces
  2482 | D:4      | Reached skill level 6 in Axes
  2498 | D:4      | Found Dimikhlen's Magic Scroll Shoppe.
  2566 | D:4      | Reached XP level 5. HP: 43/47 MP: 4/4
  2650 | D:4      | Found a runed translucent door.
  2655 | D:4      | Noticed turdburglar's ghost (amateur MiFi)
  2678 | D:4      | Reached skill level 5 in Fighting
  2755 | D:4      | Found Angaperch's Weapon Shoppe.
  2772 | D:4      | Succumbed to a scorpion's poison

Illustrated notes

Levels and vault maps discovered:
D:1:      pf_arrival_petrified_forest, layout_basic, serial_shops,
          nicolae_shop_hallway_stairs, nicolae_diamond_shop, shop,
          hellmonk_ecumenical_altar_defaced_shrine, serial_bayou_pond_b
D:2:      layout_basic
D:3:      layout_loops_ring, serial_shops, nicolae_shop_hallway_stairs,
          nicolae_shop_behind_doors, shop_fountains, shop
D:4:      layout_gridville, makhleb_altar_promises_db, ebering_ghost_sewer_f,
          serial_shops, shop, nicolae_diamond_shop, nicolae_shop_stone, shop,
          shop, grunt_decor_resistance

Skill      XL: |  1  2  3  4  5 |
---------------+----------------+-----
Axes           | 4 5 6 |  6.2
Fighting       | 4 5 |  5.0
Armour         | |  2.4
Dodging        | |  2.1

Action                   |  1- 3 |  4- 6 || total
-------------------------+-------+-------++-------
Melee: Hand axe          |    77 |    29 ||   106
       Headbutt          |    12 |     7 ||    19
       Punch             |     1 |       ||     1
Invok: Trog's Hand       |       |     1 ||     1
 Stab: Sleeping          |     1 |       ||     1
Armor: Animal skin       |    21 |     7 ||    28
Dodge: Dodged            |    42 |    17 ||    59
